General information
- name: grudge
- type: Custom game
- host: TIMG4STRok
- saver: TIMG4STRok
map: SecretValley
- players: 3
- length: 18:04
- speed: Fast
- version: 1.23 W3XP
- replay type:

» download(85 KB)
Players
team 1 (winner)
TIMG4STRok (
gray | 182 APM | 3298 actions | 18:04)
5 Blademaster
2 Wind Walk
3 Critical Strike
3 Shadow Hunter
1 Hex
2 Healing Wave
» actions
| Assign group hotkey | 30 | |
| Basic commands | 80 | |
| Build / train | 63 | |
| Enter build submenu | 15 | |
| Enter hero's abilities submenu | 8 | |
| Give item / drop item | 2 | |
| Right click | 1618 | |
| Select / deselect | 322 | |
| Select group hotkey | 1044 | |
| Use ability | 116 | |
3298 total
» units
| Peon | 8 | |
| Grunt | 7 | |
| Raider | 9 | |
| Spirit Walker | 7 | |
31 total
» upgrades
| Berserker Strength | 1 | |
| Ensnare | 1 | |
| Pillage | 1 | |
| Spirit Walker Training | 1 | |
| Melee Weapons | 2 | |
| Armor | 1 | |
7 total
» buildings
| Altar of Storms | 1 | |
| Orc Burrow | 6 | |
| Barracks | 1 | |
| Stronghold | 1 | |
| Voodoo Lounge | 1 | |
| Beastiary | 1 | |
| Spirit Lodge | 1 | |
| War Mill | 1 | |
| Watch Tower | 2 | |
15 total
» build order
00:04 Altar of Storms
00:18 Orc Burrow
00:35 Barracks
01:21 Orc Burrow
03:17 Stronghold
03:48 Voodoo Lounge
04:26 Orc Burrow
05:47 Beastiary
06:55 Spirit Lodge
07:21 Orc Burrow
10:39 War Mill
10:41 Orc Burrow
11:39 Orc Burrow
16:33 Watch Tower
17:35 Watch Tower
» items
| Boots of Speed | 1 | |
| Circlet of Nobility | 1 | |
| Healing Salve | 3 | |
| Lesser Clarity Potion | 6 | |
| Scroll of Speed | 2 | |
| Dust of Appearance | 1 | |
14 total
team 2 (loser)

»
66Dragon6 (
green | 148 APM | 2669 actions | 18:03)
2 Demon Hunter
1 Mana Burn
1 Evasion
3 Beastmaster
2 Summon Quilbeast
1 Summon Hawk
1 Goblin Tinker
1 Pocket Factory
» actions
| Assign group hotkey | 42 | |
| Build / train | 80 | |
| ESC pressed | 1 | |
| Enter build submenu | 17 | |
| Enter hero's abilities submenu | 7 | |
| Remove unit from queue | 1 | |
| Right click | 1516 | |
| Select / deselect | 380 | |
| Select group hotkey | 505 | |
| Use ability | 120 | |
2669 total
» units
| Wisp | 21 | |
| Archer | 4 | |
| Druid of the Talon | 9 | |
34 total
» upgrades
| Druid of the Talon Training | 2 | |
| Mark of the Talon | 1 | |
3 total
» buildings
| Altar of Elders | 1 | |
| Moon Well | 8 | |
| Ancient of War | 1 | |
| Tree of Ages | 3 | |
| Ancient of Wonders | 2 | |
| Ancient of Wind | 4 | |
| Tree of Eternity | 2 | |
21 total
» build order
00:04 Altar of Elders
00:08 Moon Well
00:24 Ancient of War
01:40 Moon Well
03:48 Tree of Ages
03:48 Tree of Ages
03:51 Moon Well
03:53 Moon Well
04:22 Ancient of Wonders
06:47 Ancient of Wind
06:48 Ancient of Wind
07:16 Tree of Eternity
07:16 Tree of Eternity
08:38 Moon Well
10:36 Ancient of Wind
13:30 Moon Well
14:08 Moon Well
14:18 Moon Well
15:02 Ancient of Wind
15:03 Ancient of Wonders
» items
| Boots of Speed | 4 | |
| Dust of Appearance | 1 | |
| Staff of Preservation | 1 | |
| Potion of Healing | 5 | |
| Scroll of Healing | 2 | |
| Potion of Lesser Invulnerability | 2 | |
| Orb of Venom | 1 | |
| Potion of Mana | 1 | |
17 total
observersevil_pengoon Chat log
(17:50 / All) 66Dragon6: rm?
(17:58 / All) TIMG4STRok: sure
(18:02 / All) 66Dragon6: kk gg